 Dungeon Crawl Stone Soup version 0.29-a0-1019-g84f7d21838 (webtiles) character file.

Game seed: 15694377014621561451

37315 testman the Palentonga Catastrophe (level 13, -10/116 HPs)
             Began as a Palentonga Fighter on Aug 10, 2022.
             Was an Elder of Qazlal.
             Killed from afar by an ice dragon (26 damage)
             ... with a blast of cold
             ... in an ice cave.
             The game lasted 01:00:56 (10866 turns).

testman the Palentonga Catastrophe (PaFi)          Turns: 10866, Time: 01:00:57

Health: -10/116    AC: 22    Str: 25    XL:     13   Next: 57%
Magic:  15/23      EV: 13    Int: 15    God:    Qazlal [****..]
Gold:   807        SH:  5    Dex: 14    Spells: 9/12 levels left

rFire   + . .      SeeInvis +   I - +9 executioner's axe of Foyrgh Pecraa {venom, rElec rN+}
rCold   . . .      Faith    .   (shield currently unavailable)
rNeg    + . .      Spirit   .   N - +2 leather armour {rF+}
rPois   +          Reflect  .   H - +0 helmet
rElec   +          Harm     .   q - +0 cloak
rCorr   .          Rampage  .   v - +2 pair of gloves of Rotation {Regen+ Int+7}
Will    +....                   (no barding)
Stlth   +.........              K - amulet of regeneration
HPRegen 2.69/turn               p - +6 ring of dexterity
MPRegen 0.18/turn               T - ring of poison resistance

@: protected from physical damage, studying Axes, repel missiles, curled up
A: large, rugged brown scales 3, see invisible, deformed body, roll 1, armoured
tail, reflexive curl, clumsy 1, dopey 1, strong-willed 1, regeneration 1,
screaming 1, MP-powered wands
a: Rolling Charge, Renounce Religion, Upheaval, Elemental Force


You were in an ice cave.
You worshipped Qazlal.
Qazlal was greatly pleased with you.
You visited 1 branch of the dungeon, and saw 14 of its levels.
You also visited: Ossuary, Bailey and Ice Cave.

You collected 1117 gold pieces.
You spent 310 gold pieces at shops.

Inventory:

Hand Weapons
 b - the +6 battleaxe of Armageddon {vorpal, Fly Will- Str+4}
   (You bought it in a shop on level 4 of the Dungeon)

   It inflicts extra damage upon your enemies.
   Str:       It affects your strength (+4).
   Fly:       It grants you flight.
   Will:      It decreases your willpower.
 I - the +9 executioner's axe of Foyrgh Pecraa (weapon) {venom, rElec rN+}
   (You acquired it on level 13 of the Dungeon)

   It poisons the flesh of those it strikes.
   rElec:     It insulates you from electricity.
   rN:        It protects you from negative energy.
Missiles
 h - 24 poisoned darts
 k - 14 boomerangs
 A - a throwing net
 B - 21 javelins
 L - 5 curare-tipped darts
Armour
 q - a +0 cloak (worn)
 v - the +2 pair of gloves of Rotation (worn) {Regen+ Int+7}
   (You found it in a bailey)

   Int:       It affects your intelligence (+7).
   Regen:     It increases your rate of health regeneration.
 H - a +0 helmet (worn)
 N - a +2 leather armour of fire resistance (worn)
Jewellery
 p - a +6 ring of dexterity (left hand)
 K - an amulet of regeneration (around neck)
 T - a ring of poison resistance (right hand)
Wands
 P - a wand of iceblast (19)
 Q - a wand of digging (6)
 R - a wand of paralysis (12)
 V - a wand of acid (5)
Scrolls
 f - 3 scrolls of immolation
 g - 5 scrolls of vulnerability
 i - 5 scrolls of fog
 o - 7 scrolls of teleportation
 u - 2 scrolls of blinking
 w - 4 scrolls of fear
 y - 2 scrolls of summoning
 F - a scroll of noise {unknown}
 U - 2 scrolls of magic mapping
Potions
 d - 4 potions of might
 j - 9 potions of curing
 m - 2 potions of cancellation
 r - 4 potions of brilliance
 s - 5 potions of heal wounds
 x - 3 potions of ambrosia
 z - 2 potions of invisibility
 D - a potion of magic {unknown}
 G - a potion of mutation {unknown}
 M - 3 potions of attraction
 O - 2 potions of berserk rage
 S - a potion of resistance {unknown}
 W - a potion of degeneration {unknown}


   Skills:
 + Level 12.7 Fighting
 + Level 12.8 Axes
 - Level 2.4 Armour
 - Level 8.0 Dodging
 - Level 3.0 Shields
 - Level 4.2 Translocations
 + Level 13.8 Invocations


You had 9 spell levels left.
You knew the following spells:

 Your Spells              Type           Power      Damage    Failure   Level
a - Blink                 Tloc           24%        N/A       8%          2
b - Apportation           Tloc           24%        N/A       5%          1

Your spell library contained the following spells:

 Spells                   Type           Power      Damage    Failure   Level
 Gell's Gravitas          Tloc           12%        N/A       16%         3
 Lesser Beckoning         Tloc           12%        N/A       16%         3
 Teleport Other           Tloc           12%        N/A       16%         3
 Magic Dart               Conj           0%         1d3       30%         1
 Necrotise                Necr           0%         1d4       30%         1
 Shock                    Conj/Air       0%         1d3       30%         1
 Summon Small Mammal      Summ           0%         N/A       30%         1
 Call Imp                 Summ           0%         N/A       41%         2
 Static Discharge         Conj/Air       0%         3-3/arc   41%         2
 Mephitic Cloud           Conj/Pois/Air  0%         N/A       65%         3
 Ozocubu's Armour         Ice            0%         N/A       65%         3
 Stone Arrow              Conj/Erth      0%         3d7       65%         3
 Swiftness                Air            0%         N/A       65%         3
 Manifold Assault         Tloc           12%        N/A       82%         5
 Airstrike                Air            0%         2d(0-16)  96%         4
 Animate Armour           Summ/Erth      0%         N/A       96%         4
 Dispel Undead            Necr           0%         3d6       96%         4
 Sticky Flame             Conj/Fire      0%         2d3       96%         4
 Alistair's Intoxication  Tmut/Pois      0%         N/A       100%        5
 Lightning Bolt           Conj/Air       0%         1d11      100%        5
 Ozocubu's Refrigeration  Ice            0%         4d7       100%        7
 Storm Form               Tmut/Air       0%         N/A       100%        7
 Lehudib's Crystal Spear  Conj/Erth      0%         10d2      100%        8
 Maxwell's Capacitive Co  Air            0%         ∞         100%        8


Dungeon Overview and Level Annotations

Branches:
Dungeon (14/15)            Temple (0/1) D:7            Lair (0/5) D:9
    Orc (0/2) D:10         Vaults (0/5) D:13        Ossuary (visited)
 Bailey (visited)           IceCv (1/1)

Altars:
Dithmenos
Elyvilon
Fedhas
Okawaru
Qazlal
Uskayaw
Vehumet
Xom
Yredelemnul
The Shining One

Shops:
D:3 =   D:4 =(

Annotations:
D:12 3 runed translucent doors, Hoerefyi's ghost, journeyman TrBe
D:14 1 transporter, Eweu's ghost, adept DjFE


Innate Abilities, Weirdness & Mutations

You are completely covered in rugged brown scales. (AC +3, +7% HP)
You have supernaturally acute eyesight. (SInv)
Armour fits poorly on your strangely shaped body.
You can roll at nearby foes to attack.
You have a long armoured tail.
You curl defensively after being hit. (AC +7*)
You are clumsy. (Dex -2)
You are dopey. (Int -2)
You are strong-willed. (Will+)
Your natural rate of healing is unusually fast.
You occasionally shout uncontrollably at your foes.
You expend magic power (3 MP) to strengthen your wands.


Message History

The cutting wind hits the ice dragon!
The ice dragon is severely wounded.
The cutting wind hits the polar bear!!
The polar bear is almost dead.
The cutting wind hits the ice dragon!!
The ice dragon is heavily wounded.
The white ugly thing looks more healthy.
The white ugly thing is no longer encased in ice.
The ice dragon is engulfed in freezing vapours.
The ice dragon bites you but does no damage.
The ice dragon claws you! The ice dragon closely misses you.
The ice dragon is engulfed in blazing flames.
The ice dragon breathes frost at you.
The blast of cold hits the ice dragon!
The ice dragon resists.
The blast of cold is repelled.
The white ugly thing headbutts you but does no damage.
You slice the white ugly thing!!
The white ugly thing is poisoned.
You tail-slap the white ugly thing.
You kill the white ugly thing!
Qazlal accepts your kill.
You barely miss the ironbound frostheart.
You slice the ice dragon!!
The polar bear is no longer encased in ice.
The ice dragon is no longer encased in ice.
The ironbound frostheart is no longer encased in ice.
The ice dragon is no longer encased in ice.
The ice dragon is engulfed in freezing vapours.
The ice dragon bites you. You block the ice dragon's attack. x2
The ice dragon is engulfed in blazing flames.
The polar bear goes berserk!
The ironbound frostheart is engulfed in freezing vapours.
The ironbound frostheart touches you. The ironbound frostheart freezes you!!
* * * LOW HITPOINT WARNING * * *
The ice dragon bites you but does no damage.
The ice dragon claws you but does no damage.
The ice dragon tramples you but does no damage.
The ice dragon is engulfed in freezing vapours.
The ice dragon breathes frost at you. The blast of cold hits you!!
You die...

#### ##..## ###
##....### #..##
#.....§.##h...#
#.∩.∩...@D○.#
#.......pD.##
##....##†.##
##..###### ####


You could see 2 ice dragons, an ironbound frostheart and a polar bear (berserk).

Vanquished Creatures
  Agnes (D:14)
  2 hydras (D:13)
  An ogre mage (D:13)
  A rakshasa (D:14)
  A boulder beetle (D:12)
  3 centaur warriors
  8 two-headed ogres
  Sonja (D:13)
  A skeletal warrior (D:13)
  4 ugly things
  An orc knight (D:13)
  4 cyclopes
  A manticore (D:14)
  Maurice (D:11)
  4 centaur skeletons (D:13)
  A gargoyle (D:12)
  2 komodo dragons
  An unseen horror (D:10)
  3 rime drakes (IceCv)
  5 yaktaurs (D:13)
  2 polar bears (IceCv)
  3 trolls
  6 slime creatures
  A shadow (D:10)
  3 wraiths
  A human (D:5)
  24 yaks
  2 wyverns (D:9)
  A steam dragon (D:9)
  3 vampire mosquitoes (D:12)
  Menkaure (D:7)
  An acid dragon (D:14)
  2 water moccasins
  3 sky beasts
  9 orc warriors
  2 black bears (D:5)
  4 ice beasts
  4 ogres
  12 centaurs
  2 phantoms
  3 kobold brigands
  4 bullfrogs
  4 scorpions
  2 elf skeletons (D:7)
  2 gnoll sergeants
  4 wights (D:8)
  3 electric eels (D:10)
  7 howler monkeys
  3 jellies
  5 orc priests
  2 hounds
  Crazy Yiuf (D:2)
  6 iguanas
  13 orc wizards
  A mummy (Ossuary)
  6 adders
  12 gnolls
  3 shadow imps
  2 white imps (D:5)
  A worm (D:4)
  3 dart slugs
  66 orcs
  7 ball pythons
  6 endoplasms
  2 giant cockroaches
  11 goblins
  4 hobgoblins
  7 jackals
  A quokka (D:2)
  3 bats
  5 frilled lizards
  10 gnoll skeletons (Ossuary)
  19 kobolds
  5 kobold skeletons (Ossuary)
  11 orc skeletons
  2 orc zombies (D:7)
  8 rats
386 creatures vanquished.

Vanquished Creatures (others)
  11 plants
11 creatures vanquished.

Grand Total: 397 creatures vanquished

Notes
Turn   | Place    | Note
-------+----------+-------------------------------------------
     0 | D:1      | testman the Palentonga Fighter began the quest for the Orb.
     0 | D:1      | Reached XP level 1. HP: 19/19 MP: 1/1
    94 | D:1      | Reached XP level 2. HP: 22/25 MP: 2/2
   322 | D:1      | Found a faded altar of an unknown god.
   328 | D:1      | Prayed at the altar of an unknown god.
   328 | D:1      | Became a worshipper of Xom of Chaos
   463 | D:1      | XOM: silly message
   856 | D:2      | Identified the +6 whip of Nuilemm {drain, rElec rC+++ MP-9
                  | SInv}
   966 | D:2      | Reached XP level 3. HP: 31/31 MP: 0/3
  1007 | D:2      | XOM: divination: magic mapping
  1238 | D:2      | Found a runed translucent door.
  1239 | D:2      | Noticed Crazy Yiuf
  1244 | D:2      | XOM: noise
  1247 | D:2      | Killed Crazy Yiuf
  1248 | D:2      | Reached XP level 4. HP: 27/39 MP: 0/4
  1340 | D:2      | XOM: silly message
  1479 | D:2      | XOM: silly message
  1725 | D:3      | XOM: stat loss: -1 Int (8/9)
  1796 | D:3      | XOM: blink monster(s)
  1967 | D:3      | XOM: give mutations
  1967 | D:3      | Gained mutation: Your natural rate of healing is unusually
                  | fast. [Xom's grace]
  1967 | D:3      | Gained mutation: You have large cloven feet. [Xom's grace]
  1967 | D:3      | Gained mutation: You are strong-willed. (Will+) [Xom's
                  | grace]
  1967 | D:3      | Gained mutation: You expend magic power (3 MP) to
                  | strengthen your wands. [Xom's grace]
  2020 | D:3      | Noticed an ice beast
  2021 | D:3      | XOM: fog
  2027 | D:3      | Killed an ice beast
  2028 | D:3      | Reached XP level 5. HP: 45/46 MP: 0/5
  2130 | D:3      | Found Upeteaj's Jewellery Boutique.
  2218 | D:3      | Reached skill level 5 in Fighting
  2416 | D:4      | Found a stormy altar of Qazlal.
  2424 | D:4      | Fell from the grace of Xom
  2424 | D:4      | Became a worshipper of Qazlal Stormbringer
  2465 | D:4      | Reached XP level 6. HP: 19/54 MP: 0/6
  2592 | D:4      | Found Wenikuakk's One-of-a-Kind Rings.
  2603 | D:4      | Reached skill level 5 in Axes
  2644 | D:4      | Reached * piety under Qazlal
  2673 | D:4      | Found Fiwil's Antique Weapon Emporium.
  2801 | D:4      | Found a hide-covered altar of Uskayaw.
  2806 | D:4      | Found a glowing golden altar of the Shining One.
  2835 | D:4      | Reached skill level 1 in Invocations
  3130 | D:4      | XOM: stat loss: -1 Int (8/9)
  3160 | D:4      | XOM: god gift: plate armour {god gift}
  3168 | D:5      | Entered Level 5 of the Dungeon
  3204 | D:5      | Reached skill level 2 in Invocations
  3204 | D:5      | Gained mutation: You curl defensively after being hit. (AC
                  | +7*) [Palentonga growth]
  3204 | D:5      | Reached XP level 7. HP: 58/60 MP: 0/8
  3239 | D:5      | Reached skill level 3 in Invocations
  3278 | D:5      | Noticed a human
  3278 | D:5      | a black bear changed into a human
  3278 | D:5      | XOM: polymorph black bear -> human
  3287 | D:5      | Killed a human
  3288 | D:5      | Reached skill level 4 in Invocations
  3490 | D:5      | Reached XP level 8. HP: 69/69 MP: 2/11
  3542 | D:5      | Reached skill level 5 in Invocations
  3686 | D:5      | XOM: draining
  4072 | D:6      | Reached skill level 6 in Invocations
  4104 | D:6      | Reached ** piety under Qazlal
  4206 | D:6      | Reached skill level 7 in Invocations
  4377 | D:6      | Found a blossoming altar of Fedhas.
  4527 | D:4      | Bought a warped battleaxe for 310 gold pieces
  4527 | D:4      | Identified the +6 battleaxe of Armageddon {vorpal, Fly
                  | Will- Str+4} (You bought it in a shop on level 4 of the
                  | Dungeon)
  4680 | D:7      | Noticed Menkaure
  4685 | D:7      | Killed Menkaure
  4686 | D:7      | Reached XP level 9. HP: 77/77 MP: 14/14
  4752 | D:7      | Found a radiant altar of Vehumet.
  4768 | D:7      | Found a white marble altar of Elyvilon.
  4801 | D:7      | Found a sand-covered staircase.
  4809 | Ossuary  | Entered an ossuary
  4869 | Ossuary  | Reached skill level 8 in Invocations
  4965 | Ossuary  | Reached *** piety under Qazlal
  5046 | D:7      | Found a shadowy altar of Dithmenos.
  5319 | D:7      | Found a staircase to the Ecumenical Temple.
  5394 | D:7      | XOM: noise
  5419 | D:7      | Found an iron altar of Okawaru.
  5715 | D:7      | XOM: divination: magic mapping
  5787 | D:8      | XOM: noise
  5806 | D:7      | Reached skill level 1 in Dodging
  5878 | D:8      | Reached skill level 9 in Invocations
  5891 | D:8      | Found a flagged portal.
  5900 | Bailey   | Entered a bailey
  6020 | Bailey   | Reached **** piety under Qazlal
  6036 | Bailey   | Reached XP level 10. HP: 78/87 MP: 16/16
  6293 | Bailey   | XOM: noise
  6303 | Bailey   | Identified the +2 pair of gloves of Rotation {Regen+ Int+7}
  6313 | Bailey   | Reached skill level 10 in Fighting
  6313 | Bailey   | Reached skill level 10 in Invocations
  6313 | Bailey   | Reached XP level 11. HP: 96/96 MP: 17/19
  6452 | D:8      | Reached skill level 5 in Dodging
  6463 | D:8      | XOM: god gift: scroll of vulnerability
  6483 | D:8      | Reached skill level 11 in Invocations
  6527 | D:8      | Found a basalt altar of Yredelemnul.
  6803 | D:9      | Reached skill level 10 in Axes
  6977 | D:9      | Reached ***** piety under Qazlal
  7459 | D:9      | Found a staircase to the Lair.
  7682 | D:10     | Entered Level 10 of the Dungeon
  7830 | D:10     | Noticed a two-headed ogre
  7838 | D:10     | Killed a two-headed ogre
  7963 | D:10     | Found a staircase to the Orcish Mines.
  8209 | D:10     | Found a shimmering altar of Xom.
  8311 | D:11     | Noticed Maurice
  8313 | D:11     | Reached XP level 12. HP: 107/107 MP: 20/20
  8330 | D:11     | Reached skill level 12 in Invocations
  8340 | D:11     | Paralysed by Maurice for 3 turns
  8351 | D:11     | Killed Maurice
  8396 | D:11     | Noticed a two-headed ogre
  8400 | D:11     | Killed a two-headed ogre
  8480 | D:11     | Noticed a centaur warrior
  8494 | D:11     | Killed a centaur warrior
  8606 | D:11     | Noticed a two-headed ogre
  8609 | D:11     | Killed a two-headed ogre
  8821 | D:12     | You are sucked into a shaft and drop 1 floor!
  8827 | D:13     | Learned a level 2 spell: Blink
  8833 | D:13     | Noticed a centaur warrior
  8842 | D:13     | Killed a centaur warrior
  8857 | D:13     | Noticed Sonja
  8868 | D:13     | Killed Sonja
  8869 | D:13     | Reached skill level 1 in Translocations
  8870 | D:13     | XOM: give mutations
  8870 | D:13     | Gained mutation: You are dopey. (Int -2) [Xom's mischief]
  8870 | D:13     | Gained mutation: You occasionally shout uncontrollably at
                  | your foes. [Xom's mischief]
  8904 | D:13     | XOM: noise
  8935 | D:13     | Noticed a two-headed ogre
  8942 | D:13     | Killed a two-headed ogre
  8954 | D:13     | Noticed an ogre mage
  8963 | D:13     | Killed an ogre mage
  8978 | D:13     | Reached skill level 13 in Invocations
  9085 | D:13     | Noticed a four-headed hydra
  9088 | D:13     | Killed a five-headed hydra
  9089 | D:13     | Reached XP level 13. HP: 115/115 MP: 18/22
  9233 | D:13     | XOM: 6-stop teleportation journey
  9507 | D:12     | Learned a level 1 spell: Apportation
  9699 | D:12     | Found a runed translucent gate.
  9699 | D:12     | Found a runed translucent gate.
  9699 | D:12     | Found a runed translucent gate.
  9708 | D:12     | Noticed Hoerefyi's ghost (journeyman TrBe)
 10248 | D:13     | Found a gate to the Vaults.
 10376 | D:13     | Identified 2 scrolls of acquirement
 10480 | D:13     | XOM: give mutations
 10480 | D:13     | Gained mutation: You are clumsy. (Dex -2) [Xom's mischief]
 10480 | D:13     | Gained mutation: Potions are less effective at restoring
                  | your health. [Xom's mischief]
 10480 | D:13     | Lost mutation: Potions are less effective at restoring your
                  | health. [Xom's mischief]
 10480 | D:13     | Lost mutation: You have large cloven feet. [Xom's mischief]
 10694 | D:13     | Acquired a manual of Axes
 10696 | D:13     | Acquired the +9 executioner's axe of Foyrgh Pecraa {venom,
                  | rElec rN+}
 10739 | D:14     | Found a transporter.
 10748 | D:14     | Noticed Eweu's ghost (adept DjFE)
 10748 | D:14     | Noticed an orc warlord
 10750 | D:14     | Noticed a daeva
 10776 | D:14     | Noticed Agnes
 10789 | D:14     | Killed Agnes
 10825 | D:14     | Found a frozen archway.
 10850 | IceCv    | Entered an ice cave
 10861 | IceCv    | HP: 3/116 [ironbound frostheart/creeping frost (13)]
 10866 | IceCv    | Killed from afar by an ice dragon

Illustrated notes

Levels and vault maps discovered:
D:1:      scummos_arrival_simple_crosswalls, layout_basic,
          dreamdust_ecumenical_altar_angels_and_demons, st_stairs_3
D:2:      layout_basic, uniq_crazy_yiuf_cottage
D:3:      layout_loops_ring, serial_shops, nicolae_lakefront_shop
D:4:      layout_basic, grunt_qazlal_sundering,
          mainiacjoe_overflow_large_starburst, serial_shops,
          nicolae_square_shop, nicolae_shop_unique_rings,
          minmay_misc_feat_rugged
D:5:      layout_basic
D:6:      layout_rooms, mainiacjoe_overflow_paths
D:7:      layout_loops_cross, nicolae_dithmenos_the_darkroom,
          okawaru_altar_gauntlet_db, mainiacjoe_overflow_tiny_flanked,
          lemuel_round_altar, lemuel_temple_firewalk_a,
          nicolae_ossuary_entry_catacombs, palyth_stone_intersect,
          serial_bayou_pond_d, uniq_menkaure
D:8:      layout_rooms, yredelemnul_altar_generic, enter_bailey_5
D:9:      layout_basic, david_lair_shrubbed, serial_corexii_hall,
          chequers_hall_statues_y, corexii_hall_statues_s,
          corexii_hall_statues_s, corexii_hall_statues_x
D:10:     layout_basic, lemuel_round_altar, orc_0_dummy
D:11:     layout_rooms, chequers_jeans, minmay_statues_item, uniq_maurice
D:12:     layout_long_grid, gammafunk_ghost_icy
D:13:     layout_loops_corners, hangedman_vaults_entry_quadrant_bands,
          uniq_sonja
D:14:     layout_roguey, portal_ice_cave_entry_pillars_three,
          gammafunk_ghost_abyssal_escape, uniq_agnes
IceCv:    ice_cave_small_giant

Skill      XL: |  1  2  3  4  5  6  7  8  9 10 11 12 13 |
---------------+----------------------------------------+-----
Shields        | 3 |  3.0
Axes           | 3 4 5 7 8 9 10 11 12 | 12.8
Fighting       | 4 5 6 7 8 10 11 12 | 12.7
Invocations    | 2 4 7 9 10 11 13 | 13.8
Dodging        | 2 4 6 7 8 |  8.0
Translocations | 3 4 |  4.2
Armour         | |  2.4

Action                   |  1- 3 |  4- 6 |  7- 9 | 10-12 | 13-15 || total
-------------------------+-------+-------+-------+-------+-------++-------
Melee: War axe           |    61 |       |       |       |       ||    61
       Tailslap          |     3 |     8 |    31 |    44 |    14 ||   100
       Whip              |    20 |   127 |   122 |       |       ||   269
       Kick              |       |    19 |    68 |    82 |    18 ||   187
       Battleaxe         |       |       |   134 |   299 |    49 ||   482
       Executioner's axe |       |       |       |       |    26 ||    26
Invok: Upheaval          |       |       |       |     4 |     3 ||     7
       Disaster Area     |       |       |       |     1 |       ||     1
       Elemental Force   |       |       |       |       |     1 ||     1
 Abil: Rolling Charge    |    20 |    39 |    67 |    84 |    19 ||   229
  Use: Scroll            |       |       |    11 |     4 |    11 ||    26
       Potion            |       |       |       |     3 |     3 ||     6
Armor: Scale mail        |    30 |    47 |    30 |       |       ||   107
       Robe              |       |       |    40 |    16 |       ||    56
       Leather armour    |       |       |       |    84 |    41 ||   125
Dodge: Dodged            |    27 |    34 |    80 |   107 |    48 ||   296
       Repelled          |       |       |       |       |     3 ||     3
Block: Buckler           |    15 |    28 |    21 |       |       ||    64
       Other             |       |       |    16 |    62 |    29 ||   107

Table legend: (Time is in decaauts)
 A = Elapsed time spent in this place.
 B = Non-inter-level travel time spent in this place.
 C = Inter-level travel time spent in this place.
 D = Time resting spent in this place.
 E = Time spent auto-exploring this place.
 F = Levels seen in this place.
 G = Mean time per level.
                   A        B        C        D        E       F      G
               +--------+--------+--------+--------+--------+-----+--------+
         Total |  11020 |  10520 |    500 |    163 |   8228 |  17 |  648.2 |
       Dungeon |  10266 |   9766 |    500 |     57 |   7913 |  14 |  733.3 |
       Ossuary |    190 |    190 |      0 |      0 |     95 |   1 |  190.0 |
        Bailey |    545 |    545 |      0 |    106 |    219 |   1 |  545.0 |
      Ice Cave |     18 |     18 |      0 |      0 |      0 |   1 |   18.0 |
               +--------+--------+--------+--------+--------+-----+--------+

Top non-repeatable levels by time:
    D:13: 1224 daAuts
     D:7: 985 daAuts
     D:2: 894 daAuts
     D:9: 893 daAuts
     D:4: 888 daAuts
     D:3: 811 daAuts
     D:5: 782 daAuts
    D:12: 747 daAuts
     D:1: 727 daAuts
     D:6: 639 daAuts
    D:10: 619 daAuts
  Bailey: 545 daAuts
    D:11: 495 daAuts
     D:8: 429 daAuts
 Ossuary: 190 daAuts
